 Dungeon Crawl Stone Soup version 0.29.0-11-gd7f09526c8 (webtiles) character file.

Game seed: 2522663167812753827

1284 sanka the Transmogrifier (level 8, -1/61 HPs)
             Began as a Yellow Draconian Transmuter on Sept 4, 2022.
             Was an Initiate of Makhleb.
             Slain by an orc warrior
             ... wielding a +0 falchion
              (7 damage)
             ... on level 4 of the Dungeon.
             The game lasted 00:11:21 (6510 turns).

sanka the Transmogrifier (DrTm)                     Turns: 6510, Time: 00:11:21

Health: -1/61      AC:  6    Str: 13    XL:     8   Next: 29%
Magic:  6/11       EV: 19    Int: 15    God:    Makhleb [......]
Gold:   182        SH:  0    Dex: 17    Spells: 5/11 levels left

rFire   . . .      SeeInvis .     - Unarmed
rCold   . . .      Faith    .   (shield currently unavailable)
rNeg    . . .      Spirit   .   (body armour unavailable)
rPois   x          Reflect  .   (helmet currently unavailable)
rElec   .          Harm     .   (cloak currently unavailable)
rCorr   .          Rampage  .   (gloves currently unavailable)
Will    .....                   (boots currently unavailable)
Stlth   ++........              (no amulet)
HPRegen 0.20/turn               a - +4 ring of protection
MPRegen 0.12/turn               (no ring)

@: spider-form
A: venomous fangs, (spit acid), AC +6, tiny, unfitting armour, (cold-blooded),
(acid resistance)
a: End Transformation, Renounce Religion


You were on level 4 of the Dungeon.
You worshipped Makhleb.
Makhleb was noncommittal.
You were a venomous arachnid creature.
You visited 2 branches of the dungeon, and saw 6 of its levels.

You collected 182 gold pieces.


Innate Abilities, Weirdness & Mutations

You are a venomous arachnid creature.
You have poisonous fangs.
You are tiny and dextrous.
Your spellcasting is less reliable in this form.
Your armour is entirely melded.
You are incapable of wielding weapons or throwing items.
((You can spit globs of acid.))
((Your golden yellow scales are hard. (AC +6)))
You cannot fit into any form of body armour.
((You are cold-blooded and may be slowed by cold attacks.))
((You are resistant to acid. (rCorr)))


   Skills:
 - Level 2.0 Fighting
 - Level 1.7 Dodging
 + Level 7.0 Unarmed Combat
 - Level 2.0 Spellcasting
 - Level 8.0 Transmutations


You had 5 spell levels left.
You knew the following spells:

 Your Spells              Type           Power      Damage    Failure   Level
x - Spider Form           Tmut/Pois      13%        N/A       30%         3
y - Wereblood             Tmut           25%        N/A       6%          2
z - Beastly Appendage     Tmut           50%        N/A       4%          1

Your spell library contained the following spells:

 Spells                   Type           Power      Damage    Failure   Level
 Apportation              Tloc           2%         N/A       43%         1
 Necrotise                Necr           4%         1d4       43%         1
 Shock                    Conj/Air       4%         1d3       43%         1
 Summon Small Mammal      Summ           4%         N/A       43%         1
 Blade Hands              Tmut           12%        N/A       43%         5
 Ice Form                 Ice/Tmut       13%        N/A       61%         4
 Portal Projectile        Hex/Tloc       2%         N/A       75%         3
 Swiftness                Air            1%         N/A       75%         3
 Tukima's Dance           Hex            1%         N/A       75%         3
 Airstrike                Air            0%         2d(1-17)  98%         4

Inventory:

Missiles
 p - 6 atropa-tipped darts
Armour
 k - a +0 cloak (melded)
 q - a +0 pair of gloves
Jewellery
 a - a +4 ring of protection (left front leg)
 r - a +4 ring of evasion
Scrolls
 g - 11 scrolls of identify {unknown}
 j - a scroll of enchant armour {unknown}
 l - a scroll of fear {unknown}
 o - a scroll of immolation {unknown}
 s - a scroll of poison {unknown}
 u - a scroll of acquirement {unknown}
Potions
 b - 2 potions of ambrosia {unknown}
 c - a potion of haste {unknown}
 d - 2 potions of heal wounds {unknown}
 e - 6 potions of curing {@q1}
 f - 3 potions of magic {unknown}
 h - a potion of flight {unknown}
 i - 3 potions of cancellation {unknown}
 m - a potion of degeneration {unknown}
 n - 2 potions of might {unknown}
 t - a potion of resistance {unknown}
 v - a potion of brilliance {unknown}

Dungeon Overview and Level Annotations

Branches:
Dungeon (5/15)             Temple (1/1) D:4

Altars:
Ashenzari
Cheibriados
Dithmenos
Elyvilon
Fedhas
Gozag
Hepliaklqana
Kikubaaqudgha
Makhleb
Nemelex Xobeh
Okawaru
Ru
Trog
Wu Jian
Xom
Zin
Ignis

Shops:
D:3 *!:

Annotations:
D:4 2 transporters, sanka's ghost, weakling DrDe

▒▒.▒▒▒ ▒.▒▒ ▒....▒ ▒▒..▒▒▒
▒▒..▒▒▒▒▒...▒.▒
▒▒▒....▒▒▒..▒...▒
▒▒▒▒......▒....▒....
▒.....▒....▒..▒▒▒.▒. ▒▒▒
▒.....▒.▒..▒▒.....▒▒
▒.▒▒▒.......▒..▒▒.....▒.
▒▒▒...▒..so....>.▒▒▒......
▒..▒..............▒▒▒.....
▒▒▒................▒......
▒▒▒...▒▒▒...........▒▒..
▒▒...........▒▒.....▒.
▒...........▒▒>......
▒▒▒▒...............▒.
▒▒▒▒......▒.......▒▒.
▒▒.........▒▒....▒.▒..


You could see an orc warrior (very poisoned).


Message History

You turn into a venomous arachnid creature.
The orc warrior completely misses you.
You hit the orc warrior but do no damage.
The orc warrior is poisoned.
The orc warrior misses you.
You barely miss the orc warrior.
The orc warrior hits you with a +0 falchion!
* * * LOW HITPOINT WARNING * * *
You hit the orc warrior.
The orc warrior looks as sick as possible!
The orc warrior is lightly wounded.
The orc warrior completely misses you.
You hit the orc warrior.
The orc warrior looks as sick as possible!
The orc warrior is moderately wounded.
The orc warrior hits you with a +0 falchion!
* * * LOW HITPOINT WARNING * * *
Unknown command.
Your magical contamination has completely faded away.
The orc warrior attacks as you move away!
The orc warrior barely misses you.
The orc warrior attacks as you move away!
The orc warrior closely misses you. The orc warrior blocks your attack.
The orc warrior is almost dead.
The orc warrior misses you.
You barely miss the orc warrior.
The orc warrior is almost dead.
The orc warrior hits you with a +0 falchion!
You die...

Action                   |  1- 3 |  4- 6 |  7- 9 || total
-------------------------+-------+-------+-------++-------
Melee: Unarmed           |    79 |   203 |   116 ||   398
       Tailslap          |    12 |    12 |     4 ||    28
       Punch             |     1 |     3 |       ||     4
       Kick              |     4 |    15 |     2 ||    21
       Headbutt          |     3 |    15 |       ||    18
 Cast: Beastly Appendage |     2 |    25 |     1 ||    28
       Spider Form       |       |     4 |    11 ||    15
 Abil: Breathe Acid      |       |       |     1 ||     1
       End Transformatio |       |       |     1 ||     1
  Use: Potion            |       |     2 |     1 ||     3
 Stab: Sleeping          |     1 |       |       ||     1
Armor: Skin              |    12 |    59 |    19 ||    90
Dodge: Dodged            |    42 |    89 |    98 ||   229

Levels and vault maps discovered:
D:1:      minmay_arrival_widening_spiral_wide, layout_loops_ring
D:2:      layout_loops_ring, nicolae_ecumenical_pavilion,
          lightli_corner_chamber, uniq_terence
D:3:      layout_basic, nicolae_wu_jian_wuxing_cycle, gup_sewer_entry_spiral,
          serial_shops, nicolae_shop_trees, nicolae_shop_behind_doors, shop,
          grunt_decor_resistance
D:4:      layout_cave_pools, general_overflow_altar,
          minmay_temple_entry_overgrown, gammafunk_ghost_gnarly_gnolls
D:5:      layout_loops_corners, minitemple, sword_in_stone
Temple:   ebering_untended_altars

Notes
Turn   | Place    | Note
-------+----------+-------------------------------------------
     0 | D:1      | sanka the Draconian Transmuter began the quest for the Orb.
     0 | D:1      | Reached XP level 1. HP: 16/16 MP: 3/3
   330 | D:1      | Reached XP level 2. HP: 23/23 MP: 5/5
   529 | D:1      | Learned a level 2 spell: Wereblood
   741 | D:2      | Found a faded altar of an unknown god.
   766 | D:2      | Reached skill level 3 in Transmutations
  1078 | D:2      | Reached XP level 3. HP: 27/28 MP: 6/6
  1181 | D:2      | Noticed Terence
  1202 | D:2      | Killed Terence
  1203 | D:2      | Reached skill level 4 in Transmutations
  1397 | D:2      | Learned a level 3 spell: Spider Form
  1448 | D:2      | Reached XP level 4. HP: 32/35 MP: 5/7
  2302 | D:3      | Reached skill level 5 in Transmutations
  2398 | D:3      | Reached XP level 5. HP: 26/40 MP: 6/8
  2737 | D:3      | Found Vubuq's General Store.
  2750 | D:3      | Found an ornate altar of the Wu Jian Council.
  2802 | D:3      | Found Joreigek's Book Shop.
  2929 | D:3      | Reached skill level 6 in Transmutations
  3084 | D:3      | Found Maxkon's Distillery.
  3394 | D:4      | Reached XP level 6. HP: 47/47 MP: 5/9
  3457 | D:4      | Noticed a water moccasin
  3476 | D:4      | Killed a water moccasin
  3477 | D:4      | Reached skill level 2 in Fighting
  3528 | D:4      | Found a staircase to the Ecumenical Temple.
  3544 | Temple   | Entered the Ecumenical Temple
  3594 | Temple   | Became a worshipper of Makhleb the Destroyer
  3658 | D:4      | Found a transporter.
  3733 | D:4      | Identified the +0 robe of the Dragon {-Cast Dex+4 Stlth+}
  3784 | D:4      | Identified the +0 kite shield "Culiqis" {+Inv rCorr Int+2}
  3793 | D:4      | Found a transporter.
  3894 | D:4      | Found a shimmering altar of Xom.
  3936 | D:4      | Noticed sanka's ghost (weakling DrDe)
  4094 | D:5      | Entered Level 5 of the Dungeon
  4302 | D:5      | Reached skill level 4 in Unarmed Combat
  4625 | D:5      | Found a shadowy altar of Dithmenos.
  4625 | D:5      | Found a white marble altar of Elyvilon.
  4653 | D:5      | Your scales start taking on a golden yellow colour.
  4653 | D:5      | Reached XP level 7. HP: 45/55 MP: 4/10
  4653 | D:5      | Gained mutation: You are resistant to acid. (rCorr) [Yellow
                  | Draconian growth]
  4657 | D:5      | Reached skill level 7 in Transmutations
  5066 | D:5      | Reached skill level 5 in Unarmed Combat
  6031 | D:5      | Reached skill level 6 in Unarmed Combat
  6031 | D:5      | Reached skill level 8 in Transmutations
  6031 | D:5      | Reached XP level 8. HP: 61/61 MP: 7/11
  6488 | D:5      | Reached skill level 7 in Unarmed Combat
  6502 | D:4      | HP: 4/61 [orc warrior/+0 falchion (15)]
  6510 | D:4      | Slain by an orc warrior

Vanquished Creatures
  A water moccasin (D:4)
  A black bear (D:5)
  2 ogres (D:5)
  A phantom (D:5)
  2 gnoll sergeants (D:5)
  2 scorpions
  4 wights (D:5)
  A hound (D:3)
  2 orc priests (D:3)
  2 iguanas (D:5)
  Terence (D:2)
  An orc wizard (D:5)
  8 gnolls (D:5)
  6 adders
  3 ufetubi
  3 worms
  A dart slug (D:2)
  8 orcs
  A bat (D:3)
  2 endoplasms
  5 giant cockroaches
  8 goblins
  5 hobgoblins
  6 quokkas
  4 ball pythons
  3 frilled lizards
  6 kobolds
  4 rats (D:3)
93 creatures vanquished.

Vanquished Creatures (others)
  6 plants (D:4)
6 creatures vanquished.

Grand Total: 99 creatures vanquished
